 Dungeon Crawl Stone Soup version 0.26-a0-1139-g7d2dc893a1 (webtiles) character file.

Game seed: 3228953372745366328

1923 pkoi the Grappler (level 8, 0/59 HPs)
             Began as a Black Draconian Transmuter on Dec 21, 2020.
             Was a Priest of Ru.
             Slain by a white imp (4 damage)
             ... on level 7 of the Dungeon.
             The game lasted 00:09:07 (8273 turns).

pkoi the Grappler (Black Draconian Transmuter)      Turns: 8273, Time: 00:09:08

Health: 0/59       AC:  6    Str: 14    XL:     8   Next: 96%
Magic:  11/11      EV: 19    Int: 15    God:    Ru [***...]
Gold:   345        SH:  0    Dex: 16    Spells: 6/11 levels left

rFire    . . .     SeeInvis .     - Unarmed
rCold    . . .     Faith    .   (shield unavailable)
rNeg     . . .     Spirit   .   (armour unavailable)
rPois    x         Reflect  .   (helmet currently unavailable)
rElec    .         Harm     .   (cloak currently unavailable)
rCorr    .         Rampage  .   (gloves currently unavailable)
Will     .....                  (boots currently unavailable)
Stlth    +.........             (no amulet)
HPRegen  0.19/turn              (ring unavailable)
MPRegen  0.12/turn              m - +4 ring of protection

@: spider-form (expiring)
A: tiny, (breathe lightning), unfitting armour, missing a hand, AC +6
a: End Transformation, Renounce Religion, Draw Out Power


You were on level 7 of the Dungeon.
You worshipped Ru.
Ru was most pleased with you.
You were a venomous arachnid creature.
You visited 2 branches of the dungeon, and saw 8 of its levels.
You also visited: Ossuary.

You collected 345 gold pieces.

Inventory:

Missiles
 f - 23 poisoned darts
Armour
 d - a +0 pair of boots (melded)
 g - a +2 pair of gloves (melded)
Jewellery
 l - an uncursed ring of protection from fire
 m - a +4 ring of protection (right front leg)
 p - an uncursed ring of willpower
 s - an uncursed ring of ice {unknown}
Wands
 i - a wand of paralysis (10)
 r - a wand of enslavement (10)
 t - a wand of polymorph (9)
Scrolls
 a - 5 scrolls of identify
 h - 6 scrolls of remove curse
 q - a scroll of amnesia
 u - a scroll of blinking
Potions
 b - a potion of curing
 c - a potion of resistance
 e - 2 potions of cancellation
 j - a potion of ambrosia
 k - a potion of flight
 n - a potion of heal wounds
 o - 4 potions of might
 v - a potion of invisibility {unknown}


   Skills:
 - Level 1.1 Fighting
 - Level 1.7 Dodging
 + Level 8.5 Unarmed Combat
 - Level 2.0 Spellcasting
 + Level 8.2 Transmutations
 - Level 3.0 Poison Magic


You had 6 spell levels left.
You knew the following spells:

 Your Spells              Type           Power        Failure   Level
a - Blink                 Tloc           N/A          54%         2
b - Spider Form           Tmut/Pois      9%           19%         3

Your spell library contained the following spells:

 Spells                   Type           Power        Failure   Level
 Beastly Appendage        Tmut           52%          4%          1
 Wereblood                Tmut           26%          5%          2
 Magic Dart               Conj           4%           43%         1
 Blade Hands              Tmut           13%          43%         5
 Call Imp                 Summ           1%           54%         2
 Slow                     Hex            1%           54%         2
 Ice Form                 Ice/Tmut       13%          61%         4
 Mephitic Cloud           Conj/Pois/Air  4%           63%         3
 Conjure Flame            Conj/Fire      1%           75%         3


Dungeon Overview and Level Annotations

Branches:
Dungeon (7/15)             Temple (1/1) D:6         Ossuary (visited)

Altars:
Ashenzari
Cheibriados
Elyvilon
Hepliaklqana
Kikubaaqudgha
Makhleb
Nemelex Xobeh
Okawaru
Qazlal
Ru
Sif Muna
Trog
Uskayaw
Vehumet
Wu Jian
Xom
Yredelemnul
Zin
The Shining One

Shops:
D:6 [


Innate Abilities, Weirdness & Mutations

((You can breathe wild blasts of lightning.))
((Your glossy black scales are hard. (AC +6)))
You cannot fit into any form of body armour.
((You are resistant to electric shocks. (rElec)))
((You are cold-blooded and may be slowed by cold attacks.))
You are missing a hand.


Message History

The hound misses you.
You hit the hound but do no damage.
The hound is severely wounded.
The hound misses you.
You hit the hound but do no damage.
The hound looks as sick as possible!
The hound is severely wounded.
The hound barely misses you.
You closely miss the hound.
The hound is almost dead.
The hound barely misses you.
The white imp begins to attack, but is stunned by your conviction!
The hound bites you.
* * * LOW HITPOINT WARNING * * *
You bite the hound!
You kill the hound!
The white imp gestures at you. The puff of frost hits you!
* * * LOW HITPOINT WARNING * * *
The white imp hits you.
You die...

### #...######
##.....##.####
#..##........##########.
#..#............s5......
..............#######...
..............#
.............##
............##
..........###
#..######## #..# #..#


You could see a white imp.

Vanquished Creatures
  An ice beast (D:5)
  A phantom (D:6)
  An ogre (D:6)
  4 centaurs (D:6)
  A big kobold (D:4)
  A bullfrog (D:6)
  An elf zombie (Ossuary)
  6 killer bees (D:7)
  2 howler monkeys (D:6)
  A centaur zombie (Ossuary)
  2 human zombies (Ossuary)
  2 hounds
  3 jellies
  An orc priest (D:6)
  Jessica (D:2)
  7 worker ants
  A big kobold zombie (Ossuary)
  A hound zombie (D:6)
  2 mummies (Ossuary)
  4 gnolls
  A howler monkey skeleton (D:6)
  8 adders
  2 white imps (D:6)
  3 oozes (D:1)
  An ufetubus (D:5)
  An adder zombie (Ossuary)
  2 worms
  2 dart slugs
  A leopard gecko (D:1)
  5 orcs
  A ball python (D:4)
  3 giant cockroaches
  8 goblins
  7 hobgoblins
  6 jackals (D:1)
  25 kobolds
  A quokka (D:6)
  6 bats
  6 frilled lizards
  A gnoll zombie (D:4)
  A goblin zombie (Ossuary)
  13 hobgoblin zombies (Ossuary)
  A jackal zombie (Ossuary)
  8 kobold zombies (Ossuary)
  A leopard gecko zombie (D:5)
  6 orc zombies (Ossuary)
  A quokka skeleton (D:6)
  7 rats
  3 rat zombies
174 creatures vanquished.

Vanquished Creatures (others)
  A giant cockroach (D:6)
  A bat (D:1)
  62 plants (D:4)
64 creatures vanquished.

Grand Total: 238 creatures vanquished

Notes
Turn   | Place    | Note
-------+----------+-------------------------------------------
     0 | D:1      | pkoi the Draconian Transmuter began the quest for the Orb.
     0 | D:1      | Reached XP level 1. HP: 16/16 MP: 3/3
   245 | D:1      | Reached XP level 2. HP: 20/23 MP: 5/5
   670 | D:1      | Reached XP level 3. HP: 25/28 MP: 6/6
  1850 | D:2      | Noticed Jessica
  1852 | D:2      | Found a faded altar of an unknown god.
  1867 | D:2      | Killed Jessica
  1868 | D:2      | Reached XP level 4. HP: 29/35 MP: 7/7
  2493 | D:3      | Found a hide-covered altar of Uskayaw.
  2869 | D:3      | Found a sacrificial altar of Ru.
  3114 | D:3      | Became a worshipper of Ru the Awakened
  3177 | D:4      | Reached XP level 5. HP: 37/40 MP: 8/8
  3181 | D:4      | Learned a level 3 spell: Spider Form
  3293 | D:4      | Found a sand-covered staircase.
  3317 | Ossuary  | Entered an ossuary
  3645 | Ossuary  | Reached skill level 1 in Poison Magic
  3668 | Ossuary  | Reached skill level 5 in Unarmed Combat
  4068 | Ossuary  | Reached XP level 6. HP: 46/47 MP: 9/9
  4103 | Ossuary  | Reached skill level 5 in Transmutations
  4107 | Ossuary  | HP: 1/47 [human zombie (3)]
  4888 | D:4      | Your scales start taking on a glossy black colour.
  4888 | D:4      | Reached XP level 7. HP: 24/52 MP: 10/10
  4888 | D:4      | Gained mutation: You are resistant to electric shocks.
                  | (rElec) [Black Draconian growth]
  4928 | D:4      | Gained mutation: You are missing a hand. [Ru sacrifice]
  4928 | D:4      | Reached * piety under Ru
  4928 | D:4      | Reached ** piety under Ru
  4928 | D:4      | Reached *** piety under Ru
  5516 | D:5      | Entered Level 5 of the Dungeon
  5559 | D:5      | Found a bloodstained altar of Trog.
  6693 | D:6      | Found a radiant altar of Vehumet.
  6729 | D:6      | Found a staircase to the Ecumenical Temple.
  6758 | D:6      | Reached XP level 8. HP: 9/59 MP: 7/11
  6788 | Temple   | Entered the Ecumenical Temple
  7241 | D:6      | Found an ancient bone altar of Kikubaaqudgha.
  7446 | D:6      | Found Toesoymu's Armour Boutique.
  7587 | D:6      | Learned a level 2 spell: Blink
  8273 | D:7      | Slain by a white imp

Illustrated notes

Levels and vault maps discovered:
D:1:      erik_arrival_triangle_small, layout_loops_corners, minmay_pentomino_s2
D:2:      kennysheep_big_flooded_room, layout_basic,
          chequers_ecumenical_altar_simple, uniq_jessica
D:3:      layout_basic, eat_drink_and_be_merry_uskayaw,
          overflow_temple_1_default
D:4:      kennysheep_kobold_camp, layout_rooms, enter_ossuary_3
D:5:      layout_basic, bloody_trog
D:6:      layout_rooms, nicolae_overflow_crystal_walls, lemuel_doored_altar,
          minmay_temple_entry_arrows, serial_shops, nicolae_shop_crystal,
          nicolae_benzene_ring, minivault_4, grunt_tough_drop
D:7:      layout_cave_pods, grunt_gozag_breadcrumbs
Temple:   eino_narrow_crystal_temple

Skill      XL: |  1  2  3  4  5  6  7  8 |
---------------+-------------------------+-----
Transmutations | 3 4 5 6 8 |  8.2
Unarmed Combat | 4 5 6 8 |  8.5
Poison Magic   | 1 3 |  3.0
Fighting       | |  1.1
Dodging        | |  1.7
Spellcasting   | |  2.0

Action                   |  1- 3 |  4- 6 |  7- 9 || total
-------------------------+-------+-------+-------++-------
Melee: Unarmed           |   190 |   362 |   322 ||   874
       Tailslap          |    16 |    34 |    28 ||    78
       Punch             |     4 |     7 |       ||    11
 Cast: Spider Form       |       |     1 |     4 ||     5
Invok: Sacrifice a Hand  |       |       |     1 ||     1
  Use: Scroll            |       |     8 |     3 ||    11
       Potion            |       |     6 |     2 ||     8
 Stab: Sleeping          |     3 |     1 |       ||     4
Armor: Skin              |    78 |   122 |   118 ||   318
Dodge: Dodged            |   125 |   201 |   198 ||   524

Table legend: (Time is in decaauts)
 A = Elapsed time spent in this place.
 B = Non-inter-level travel time spent in this place.
 C = Inter-level travel time spent in this place.
 D = Time resting spent in this place.
 E = Time spent auto-exploring this place.
 F = Levels seen in this place.
 G = Mean time per level.
                   A        B        C        D        E       F      G
               +--------+--------+--------+--------+--------+-----+--------+
         Total |   8191 |   7953 |    238 |   1868 |   4408 |   9 |  910.1 |
       Dungeon |   6575 |   6350 |    225 |   1209 |   3901 |   7 |  939.3 |
        Temple |    403 |    390 |     13 |    239 |    147 |   1 |  403.0 |
       Ossuary |   1212 |   1212 |      0 |    420 |    360 |   1 | 1212.0 |
               +--------+--------+--------+--------+--------+-----+--------+

Top non-repeatable levels by time:
     D:1: 1399 daAuts
 Ossuary: 1212 daAuts
     D:4: 1141 daAuts
     D:6: 1076 daAuts
     D:3: 951 daAuts
     D:2: 764 daAuts
     D:5: 722 daAuts
     D:7: 520 daAuts
  Temple: 403 daAuts
